Penguins vs Canadiens

Created - 21 janvier 2013 at 19:05

Goals
1 2 3 T
Penguins 0 0 5 5
Canadiens 0 1 0 1
Shots
1 2 3 T
Penguins 5 9 12 26
Canadiens 7 11 6 24

1st period

No Goal

Penalties :
Yan Stastny (Mon) for Interference (Minor) at 7:07, Marek Svatos (Mon) for Roughing (Minor) at 18:15, Zigmund Palffy (Pit) for Tripping (Minor) at 18:15

2nd period

1. Canadiens , Marek Svatos 12 (Robert Nilsson) at 4:42 (PP)

Penalties :
Mike Watt (Pit) for Roughing (Double Minor) at 4:30, Robert Nilsson (Mon) for Hooking (Minor) at 7:40, Marek Svatos (Mon) for Slashing (Minor) at 12:41, Mike Watt (Pit) for Holding (Minor) at 15:41, Éric Desjardins (Mon) for Hooking (Minor) at 19:14

3rd period

2. Penguins , Marc-Édouard Vlasic 3 (Ryan Kesler) at 0:04 (PP)
3. Penguins , Mike Watt 3 (Tom Preissing) at 6:51
4. Penguins , Darren Reid 9 (Tuomo Ruutu) at 9:40
5. Penguins , Darren Reid 10 (Ruslan Fedotenko) at 12:07 (PP)
6. Penguins , Steve Staios 5 (Ruslan Fedotenko, Tuomo Ruutu) at 17:58 (PP)

Penalties :
Michel Ouellet (Mon) for Holding (Minor) at 11:27, Robert Nilsson (Mon) for Diving (Minor) at 13:53, Shane O'Brien (Mon) for Holding (Minor) at 17:25, Tomas Kloucek (Mon) for Hooking (Minor) at 19:31

Goalie Stats

Brian Elliott (Pit), 23 saves from 24 shots - (0,958), W, 11-8-1, 60:00 minutes
Kari Lehtonen (Mon), 21 saves from 26 shots - (0,808), L, 7-11-2, 60:00 minutes

Players Stats for Penguins

Player Name              G  A  P  +/- PIM S  H  SB GA TA FO     MP     PP MP  PK MP  
------------------------------------------------------------------------------------
Andy Sutton              0  0  0   1  0   1  1  0  0  0  0/0    12:05   0:00   2:47 
Ben Eager                0  0  0   0  0   0  3  0  0  0  0/0    13:07   0:04   0:30 
Carlo Colaiacovo         0  0  0   1  0   2  0  0  0  0  0/0    12:05   0:00   2:47 
Dan Hamhuis              0  0  0   0  0   0  0  3  0  0  0/0    19:40   3:27   1:23 
Darcy Tucker             0  0  0   0  0   0  1  0  0  0  0/0     6:30   0:04   0:00 
Darren Reid              2  0  2   2  0   2  6  2  1  1  0/0    16:28   4:51   1:10 
Marc-Édouard Vlasic      1  0  1   1  0   2  0  1  1  0  0/0    28:15   7:00   0:00 
Mike Watt                1  0  1   2  6   2  1  0  0  0  0/0    11:15   0:00   0:00 
Riley Armstrong          0  0  0   0  0   0  0  0  1  1  1/2     8:25   0:04   1:17 
Ruslan Fedotenko         0  2  2   0  0   0  5  0  0  0  0/1    12:43   4:51   0:48 
Ryan Kesler              0  1  1   0  0   3  1  1  0  0  16/32  21:42   5:32   0:00 
Steve Staios             1  0  1   1  0   3  5  1  0  0  0/0    28:15   7:00   0:00 
T.J. Hensick             0  0  0   0  0   2  2  1  0  0  4/11   13:16   0:00   2:14 
Taylor Pyatt             0  0  0   0  0   0  1  0  0  1  1/2    19:32   5:32   0:00 
Ted Purcell              0  0  0   0  0   2  0  0  0  0  0/1    10:37   0:00   0:00 
Tom Preissing            0  1  1   0  0   0  2  2  0  2  0/0    19:40   3:27   1:23 
Tuomo Ruutu              0  2  2   2  0   1  2  0  1  0  9/16   17:22   4:51   0:00 
Zigmund Palffy           0  0  0   0  2   6  2  0  1  0  2/2    22:51   5:32   2:21 

Players Stats for Canadiens

Player Name              G  A  P  +/- PIM S  H  SB GA TA FO     MP     PP MP  PK MP  
------------------------------------------------------------------------------------
Donald Brashear          0  0  0   0  0   2  1  1  0  1  10/15  19:29   2:15   6:41 
Duncan Keith             0  0  0  -1  0   2  2  0  1  0  0/0    28:51   2:20   6:40 
Eric Cairns              0  0  0  -1  0   0  2  2  0  2  0/0    20:16   1:50   3:47 
Éric Desjardins          0  0  0  -1  2   0  2  0  0  0  0/0    28:06   2:20   5:56 
Jamie Lundmark           0  0  0   0  0   1  0  1  0  0  2/3    11:08   0:00   1:22 
Marek Svatos             1  0  1  -2  4   4  3  1  0  0  0/1    17:04   2:15   0:00 
Michel Ouellet           0  0  0   0  2   1  2  0  0  0  0/0     8:06   0:00   0:00 
Patrick Eaves            0  0  0   0  0   1  1  0  1  0  0/2    11:37   0:00   0:00 
Richard Zednik           0  0  0   0  0   1  3  0  0  1  0/0    10:09   1:55   0:00 
Robert Nilsson           0  1  1  -2  4   7  1  0  0  1  15/31  22:20   2:15   4:10 
Ryan Bayda               0  0  0   0  0   0  1  1  0  0  0/2    15:27   0:00   3:13 
Ryane Clowe              0  0  0  -2  0   1  4  0  1  0  1/3    16:11   0:00   1:46 
Shane O'Brien            0  0  0   0  2   1  1  0  0  0  0/0    11:36   0:00   0:44 
Tomas Holmstrom          0  0  0   0  0   1  0  0  0  0  0/0    12:07   1:55   1:51 
Tomas Kloucek            0  0  0   0  2   0  0  0  0  0  0/0    10:52   0:00   0:00 
Tyler Sloan              0  0  0  -1  0   1  2  2  0  0  0/0    20:16   1:50   3:47 
Viktor Kozlov            0  0  0   0  0   1  2  0  2  0  6/7    15:14   1:55   1:51 
Yan Stastny              0  0  0   0  2   0  5  1  0  0  0/3     8:36   0:00   0:00 

3 Stars

1 - Darren Reid (Pit)
2 - Steve Staios (Pit)
3 - Tuomo Ruutu (Pit)

Power Play

Penguins - 3 on 8 Attempt(s) - 37,50%
Canadiens - 1 on 3 Attempt(s) - 33,33%

Penalty Kill

Penguins - 2 on 3 Attempt(s) - 66,67% - Score 0 goal in Penalty Kill
Canadiens - 5 on 8 Attempt(s) - 62,50% - Score 0 goal in Penalty Kill

Official

Referees : Kimmerly Greg and Hebert Ghislain
Linesman : Shane Heyer and Brad Kovachik

Game Notes

No Game Note

Finance

Level 1 -- Attendance: 5244 (87,40%) -- Ticket Income 471 960 $
Level 2 -- Attendance: 4842 (96,84%) -- Ticket Income 266 310 $
Level 3 -- Attendance: 1855 (92,75%) -- Ticket Income 55 650 $
Level 4 -- Attendance: 3890 (97,25%) -- Ticket Income 66 130 $
Luxury Box -- Attendance: 911 (91,10%) -- Ticket Income 163 980 $
Game was played at the Centre Bell
Total Attendance: 16742 (93,01%)
Total Ticket Income: 1 024 030 $
Total Income: 1 024 030 $

Penguins

5 vs 5 Forward 
   Center                   Left Wing                Right Wing               Time % Phy DF OF 
 1 Ryan Kesler              Taylor Pyatt             Zigmund Palffy           40     0   1  4  
 2 Tuomo Ruutu              Mike Watt                Darren Reid              30     0   1  4  
 3 T.J. Hensick             Ben Eager                Ted Purcell              20     1   1  3  
 4 Riley Armstrong          Ruslan Fedotenko         Darcy Tucker             10     1   1  3  

5 vs 5 Defense 
   Defense                  Defense                                           Time % Phy DF OF 
 1 Steve Staios             Marc-Édouard Vlasic                               40     1   2  2  
 2 Dan Hamhuis              Tom Preissing                                     30     1   2  2  
 3 Carlo Colaiacovo         Andy Sutton                                       20     1   2  2  
 4 Steve Staios             Marc-Édouard Vlasic                               10     1   2  2  

PowerPlay Forward 
   Center                   Left Wing                Right Wing               Time % Phy DF OF 
 1 Ryan Kesler              Taylor Pyatt             Zigmund Palffy           60     1   2  2  
 2 Tuomo Ruutu              Ruslan Fedotenko         Darren Reid              40     1   2  2  

PowerPlay Defense
   Defense                  Defense                                           Time % Phy DF OF 
 1 Steve Staios             Marc-Édouard Vlasic                               60     1   2  2  
 2 Dan Hamhuis              Tom Preissing                                     40     1   2  2  

Penalty Kill 4 Players Forward 
   Center                   Wing                     Time % Phy DF OF 
 1 T.J. Hensick             Zigmund Palffy           60     1   2  2  
 2 Riley Armstrong          Darren Reid              40     1   2  2  

Penalty Kill 4 Players Defense
   Defense                  Defense                  Time % Phy DF OF 
 1 Carlo Colaiacovo         Andy Sutton              60     1   2  2  
 2 Dan Hamhuis              Tom Preissing            40     1   2  2  

Penalty Kill - 3 Players Forward 
   Forward                                           Time % Phy DF OF 
 1 Riley Armstrong                                   60     1   2  2  
 2 Zigmund Palffy                                    40     1   2  2  

Penalty Kill - 3 Players Defense
   Defense                  Defense                  Time % Phy DF OF 
 1 Andy Sutton              Carlo Colaiacovo         60     1   2  2  
 2 Dan Hamhuis              Tom Preissing            40     1   2  2  

4 vs 4 Forward 
   Center                   Wing                     Time % Phy DF OF 
 1 Ryan Kesler              Zigmund Palffy           60     1   2  2  
 2 T.J. Hensick             Darren Reid              40     1   2  2  

4 vs 4 Defense
   Defense                  Defense                  Time % Phy DF OF 
 1 Steve Staios             Marc-Édouard Vlasic      60     1   2  2  
 2 Dan Hamhuis              Tom Preissing            40     1   2  2  

Last Minutes Offensive
   Center                   Left Wing                Right Wing               Defense                  Defense                  
   Ryan Kesler              Taylor Pyatt             Zigmund Palffy           Steve Staios             Marc-Édouard Vlasic      

Last Minutes Defensive
   Center                   Left Wing                Right Wing               Defense                  Defense                  
   Ryan Kesler              Taylor Pyatt             Zigmund Palffy           Steve Staios             Andy Sutton              

Goaltenders
Starting : Brian Elliott            
Backup : Sebastien Caron          

Extra Forwards
Normal : Tuomo Ruutu, Ryan Kesler, Ruslan Fedotenko - PP : Tuomo Ruutu, Ryan Kesler - PK : Ruslan Fedotenko
Extra Defensemen
Normal : Carlo Colaiacovo, Marc-Édouard Vlasic, Dan Hamhuis - PP : Carlo Colaiacovo - PK : Marc-Édouard Vlasic, Dan Hamhuis
Penalty Shots
Ryan Kesler, Zigmund Palffy, Riley Armstrong, Darren Reid, Taylor Pyatt

Canadiens

5 vs 5 Forward 
   Center                   Left Wing                Right Wing               Time % Phy DF OF 
 1 Robert Nilsson           Ryane Clowe              Marek Svatos             40     1   2  2  
 2 Viktor Kozlov            Ryan Bayda               Patrick Eaves            30     1   2  2  
 3 Jamie Lundmark           Donald Brashear          Richard Zednik           20     1   2  2  
 4 Yan Stastny              Tomas Holmstrom          Michel Ouellet           10     1   2  2  

5 vs 5 Defense 
   Defense                  Defense                                           Time % Phy DF OF 
 1 Duncan Keith             Éric Desjardins                                   40     1   2  2  
 2 Tyler Sloan              Eric Cairns                                       30     1   2  2  
 3 Tomas Kloucek            Shane O'Brien                                     20     1   2  2  
 4 Duncan Keith             Éric Desjardins                                   10     1   2  2  

PowerPlay Forward 
   Center                   Left Wing                Right Wing               Time % Phy DF OF 
 1 Robert Nilsson           Donald Brashear          Marek Svatos             60     1   2  2  
 2 Viktor Kozlov            Tomas Holmstrom          Richard Zednik           40     1   2  2  

PowerPlay Defense
   Defense                  Defense                                           Time % Phy DF OF 
 1 Duncan Keith             Éric Desjardins                                   60     1   2  2  
 2 Tyler Sloan              Eric Cairns                                       40     1   2  2  

Penalty Kill 4 Players Forward 
   Center                   Wing                     Time % Phy DF OF 
 1 Donald Brashear          Robert Nilsson           60     1   2  2  
 2 Viktor Kozlov            Tomas Holmstrom          40     1   2  2  

Penalty Kill 4 Players Defense
   Defense                  Defense                  Time % Phy DF OF 
 1 Duncan Keith             Éric Desjardins          60     1   2  2  
 2 Tyler Sloan              Eric Cairns              40     1   2  2  

Penalty Kill - 3 Players Forward 
   Forward                                           Time % Phy DF OF 
 1 Donald Brashear                                   60     1   2  2  
 2 Robert Nilsson                                    40     1   2  2  

Penalty Kill - 3 Players Defense
   Defense                  Defense                  Time % Phy DF OF 
 1 Duncan Keith             Éric Desjardins          60     1   2  2  
 2 Tyler Sloan              Eric Cairns              40     1   2  2  

4 vs 4 Forward 
   Center                   Wing                     Time % Phy DF OF 
 1 Donald Brashear          Robert Nilsson           60     1   2  2  
 2 Viktor Kozlov            Tomas Holmstrom          40     1   2  2  

4 vs 4 Defense
   Defense                  Defense                  Time % Phy DF OF 
 1 Duncan Keith             Éric Desjardins          60     1   2  2  
 2 Tyler Sloan              Eric Cairns              40     1   2  2  

Last Minutes Offensive
   Center                   Left Wing                Right Wing               Defense                  Defense                  
   Robert Nilsson           Donald Brashear          Marek Svatos             Duncan Keith             Éric Desjardins          

Last Minutes Defensive
   Center                   Left Wing                Right Wing               Defense                  Defense                  
   Robert Nilsson           Donald Brashear          Marek Svatos             Duncan Keith             Éric Desjardins          

Goaltenders
Starting : Kari Lehtonen            
Backup : Mikael Tellqvist         

Extra Forwards
Normal : Jamie Lundmark, Ryane Clowe, Ryan Bayda - PP : Jamie Lundmark, Ryane Clowe - PK : Ryan Bayda
Extra Defensemen
Normal : Tomas Kloucek, Shane O'Brien, Tyler Sloan - PP : Tomas Kloucek - PK : Shane O'Brien, Tyler Sloan
Penalty Shots
Donald Brashear, Robert Nilsson, Viktor Kozlov, Tomas Holmstrom, Jamie Lundmark

% Time on Ice - Penguins

Lines # - Real PCT - Wanted PCT - Time Play
Normal Forward
1 - 37% - 40% - 16:07
2 - 24% - 30% - 10:27
3 - 24% - 20% - 10:37
4 - 14% - 10% - 6:13
Normal Defense
1 - 43% - 40% - 18:27
2 - 33% - 30% - 14:27
3 - 21% - 20% - 9:18
4 - 3% - 10% - 1:12
PP Forward
1 - 54% - 60% - 5:36
2 - 46% - 40% - 4:51
PP Defense
1 - 67% - 60% - 7:00
2 - 33% - 40% - 3:27
PK Forward
1 - 72% - 60% - 3:00
2 - 28% - 40% - 1:10
PK Defense
1 - 67% - 60% - 2:47
2 - 33% - 40% - 1:23
PK3 Forward
1 - 0% - 60%
2 - 0% - 40%
PK3 Defense
1 - 0% - 60%
2 - 0% - 40%
44 Forward
1 - 100% - 60% - 1:59
2 - 0% - 40% - 0:00
44 Defense
1 - 81% - 60% - 1:36
2 - 19% - 40% - 0:23
Last Minute Offensive  - 0:00
Last Minute Defensive  - 0:00
Total
Forward - 60:00
Defense - 60:00

% Time on Ice - Canadiens

Lines # - Real PCT - Wanted PCT - Time Play
Normal Forward
1 - 36% - 40% - 15:26
2 - 27% - 30% - 11:37
3 - 19% - 20% - 8:14
4 - 19% - 10% - 8:07
Normal Defense
1 - 41% - 40% - 17:44
2 - 32% - 30% - 13:49
3 - 25% - 20% - 10:53
4 - 2% - 10% - 0:58
PP Forward
1 - 54% - 60% - 2:15
2 - 46% - 40% - 1:55
PP Defense
1 - 56% - 60% - 2:20
2 - 44% - 40% - 1:50
PK Forward
1 - 82% - 60% - 8:36
2 - 18% - 40% - 1:51
PK Defense
1 - 64% - 60% - 6:40
2 - 36% - 40% - 3:47
PK3 Forward
1 - 0% - 60%
2 - 0% - 40%
PK3 Defense
1 - 0% - 60%
2 - 0% - 40%
44 Forward
1 - 74% - 60% - 1:28
2 - 26% - 40% - 0:31
44 Defense
1 - 58% - 60% - 1:09
2 - 42% - 40% - 0:50
Last Minute Offensive  - 0:00
Last Minute Defensive  - 0:00
Total
Forward - 60:00
Defense - 60:00

Play by Play

1st period


0:01 of 1st period - Ryan Kesler wins face-off versus Robert Nilsson in neutral zone.
0:50 of 1st period - Wrist shot by Ryan Kesler.
0:50 of 1st period - Shot Misses the Net.
0:52 of 1st period - Slapshot by Zigmund Palffy.
0:52 of 1st period - Stopped by Kari Lehtonen with a rebound.
1:07 of 1st period - Icing by Duncan Keith.
1:08 of 1st period - Tuomo Ruutu wins face-off versus Jamie Lundmark in Canadiens zone.
1:28 of 1st period - Slapshot by Duncan Keith.
1:28 of 1st period - Stopped by Brian Elliott without a rebound.
1:29 of 1st period - T.J. Hensick wins face-off versus Patrick Eaves in Penguins zone.
1:34 of 1st period - Tyler Sloan is hit by Andy Sutton and loses puck.
1:55 of 1st period - Carlo Colaiacovo is hit by Eric Cairns and loses puck.
2:20 of 1st period - Andy Sutton is hit by Shane O'Brien and loses puck.
2:55 of 1st period - Wrist shot by Zigmund Palffy.
2:55 of 1st period - Stopped by Kari Lehtonen without a rebound.
2:56 of 1st period - Taylor Pyatt wins face-off versus Viktor Kozlov in Canadiens zone.
3:01 of 1st period - Wrist shot by Ryan Kesler.
3:01 of 1st period - Shot Blocked by Eric Cairns.
3:21 of 1st period - Snap shot by Ryan Kesler.
3:21 of 1st period - Shot Misses the Net.
3:29 of 1st period - Wrist shot by Patrick Eaves.
3:29 of 1st period - Shot Misses the Net.
3:31 of 1st period - Wrist shot by Eric Cairns.
3:31 of 1st period - Shot Misses the Net.
3:33 of 1st period - Slapshot by Eric Cairns.
3:33 of 1st period - Shot Misses the Net.
4:30 of 1st period - Snap shot by Patrick Eaves.
4:30 of 1st period - Stopped by Brian Elliott without a rebound.
4:31 of 1st period - Tuomo Ruutu wins face-off versus Ryane Clowe in Penguins zone.
4:40 of 1st period - Wrist shot by Marek Svatos.
4:40 of 1st period - Shot Misses the Net.
4:42 of 1st period - Slapshot by Shane O'Brien.
4:42 of 1st period - Shot Blocked by Darren Reid.
4:44 of 1st period - Wrist shot by Ryane Clowe.
4:44 of 1st period - Deflect By Robert Nilsson.
4:44 of 1st period - Shot Blocked by Dan Hamhuis.
4:44 of 1st period - Puck is out of play.
4:45 of 1st period - Tuomo Ruutu wins face-off versus Robert Nilsson in Penguins zone.
4:54 of 1st period - Slapshot by Robert Nilsson.
4:54 of 1st period - Stopped by Brian Elliott with a rebound.
4:56 of 1st period - Slapshot by Éric Desjardins.
4:56 of 1st period - Deflect By Robert Nilsson.
4:56 of 1st period - Shot Blocked by Dan Hamhuis.
4:56 of 1st period - Puck is out of play.
4:57 of 1st period - Robert Nilsson wins face-off versus Tuomo Ruutu in Penguins zone.
5:02 of 1st period - Snap shot by Marek Svatos.
5:02 of 1st period - Shot Blocked by Dan Hamhuis.
5:22 of 1st period - Tom Preissing is hit by Yan Stastny and loses puck.
5:47 of 1st period - Jamie Lundmark is hit by Darcy Tucker and loses puck.
6:14 of 1st period - Snap shot by Mike Watt.
6:14 of 1st period - Deflect By Marek Svatos.
6:14 of 1st period - Shot Misses the Net.
6:14 of 1st period - Puck is out of play.
6:15 of 1st period - Robert Nilsson wins face-off versus T.J. Hensick in Canadiens zone.
6:28 of 1st period - Slapshot by Marek Svatos.
6:28 of 1st period - Deflect By Steve Staios.
6:28 of 1st period - Shot Blocked by T.J. Hensick.
6:28 of 1st period - Puck is out of play.
6:29 of 1st period - Robert Nilsson wins face-off versus Tuomo Ruutu in Penguins zone.
6:30 of 1st period - Slapshot by Marek Svatos.
6:30 of 1st period - Shot Misses the Net.
6:36 of 1st period - Slapshot by Robert Nilsson.
6:36 of 1st period - Stopped by Brian Elliott without a rebound.
6:37 of 1st period - Tuomo Ruutu wins face-off versus Robert Nilsson in Penguins zone.
6:42 of 1st period - Snap shot by Mike Watt.
6:42 of 1st period - Stopped by Kari Lehtonen with a rebound.
7:07 of 1st period - Minor Penalty to Yan Stastny for Interference.
7:08 of 1st period - Ryan Kesler wins face-off versus Donald Brashear in Canadiens zone.
7:15 of 1st period - Slapshot by Zigmund Palffy.
7:15 of 1st period - Stopped by Kari Lehtonen with a rebound.
9:07 of 1st period - Penalty to Yan Stastny is over, Yan Stastny is back on ice.
9:13 of 1st period - Ryan Bayda is hit by Ben Eager and loses puck.
10:00 of 1st period - Taylor Pyatt is hit by Eric Cairns and loses puck.
10:25 of 1st period - Ryane Clowe is hit by Ben Eager and loses puck.
10:52 of 1st period - Ryan Kesler is hit by Yan Stastny and loses puck.
11:15 of 1st period - Ryan Bayda is hit by Ruslan Fedotenko and loses puck.
11:26 of 1st period - Wrist shot by Ryan Bayda.
11:26 of 1st period - Shot Misses the Net.
12:31 of 1st period - Marc-Édouard Vlasic is hit by Michel Ouellet and loses puck.
13:10 of 1st period - Donald Brashear is hit by Ruslan Fedotenko and loses puck.
13:52 of 1st period - Snap shot by Patrick Eaves.
13:52 of 1st period - Shot Misses the Net.
14:39 of 1st period - Snap shot by Zigmund Palffy.
14:39 of 1st period - Shot Blocked by Eric Cairns.
15:05 of 1st period - Donald Brashear is hit by Tuomo Ruutu and loses puck.
15:12 of 1st period - Snap shot by Tomas Kloucek.
15:12 of 1st period - Shot Misses the Net.
15:22 of 1st period - Tom Preissing is hit by Marek Svatos and loses puck.
15:27 of 1st period - Snap shot by Marek Svatos.
15:27 of 1st period - Stopped by Brian Elliott with a rebound.
15:45 of 1st period - Tomas Kloucek is hit by Steve Staios and loses puck.
15:58 of 1st period - Shane O'Brien is hit by Steve Staios and loses puck.
16:20 of 1st period - Éric Desjardins is hit by Steve Staios and loses puck.
16:31 of 1st period - Snap shot by Robert Nilsson.
16:31 of 1st period - Stopped by Brian Elliott without a rebound.
16:32 of 1st period - Ryan Kesler wins face-off versus Robert Nilsson in Penguins zone.
16:57 of 1st period - Viktor Kozlov is hit by Darren Reid.
17:01 of 1st period - Slapshot by Duncan Keith.
17:01 of 1st period - Shot Misses the Net.
17:45 of 1st period - Snap shot by Richard Zednik.
17:45 of 1st period - Deflect By Ruslan Fedotenko.
17:45 of 1st period - Shot Misses the Net.
17:45 of 1st period - Puck is out of play.
17:46 of 1st period - Robert Nilsson wins face-off versus Riley Armstrong in Penguins zone.
17:47 of 1st period - Wrist shot by Ryane Clowe.
17:47 of 1st period - Stopped by Brian Elliott without a rebound.
17:48 of 1st period - Ryan Kesler wins face-off versus Robert Nilsson in Penguins zone.
17:53 of 1st period - Wrist shot by Zigmund Palffy.
17:53 of 1st period - Stopped by Kari Lehtonen without a rebound.
17:54 of 1st period - Zigmund Palffy wins face-off versus Robert Nilsson in Canadiens zone.
18:06 of 1st period - Icing by Duncan Keith.
18:07 of 1st period - Robert Nilsson wins face-off versus Ryan Kesler in Canadiens zone.
18:14 of 1st period - Snap shot by Marek Svatos.
18:14 of 1st period - Shot Blocked by Ryan Kesler.
18:15 of 1st period - Minor Penalty to Marek Svatos for Roughing.
18:15 of 1st period - Minor Penalty to Zigmund Palffy for Tripping.
18:16 of 1st period - Tuomo Ruutu wins face-off versus Donald Brashear in Penguins zone.
18:41 of 1st period - Snap shot by Ryan Kesler.
18:41 of 1st period - Shot Blocked by Donald Brashear.
19:33 of 1st period - Steve Staios is hit by Ryane Clowe and loses puck.

2nd period


0:01 of 2nd period - Ryan Kesler wins face-off versus Donald Brashear in neutral zone.
0:15 of 2nd period - Penalty to Marek Svatos is over, Marek Svatos is back on ice.
0:15 of 2nd period - Penalty to Zigmund Palffy is over, Zigmund Palffy is back on ice.
0:18 of 2nd period - Snap shot by Zigmund Palffy.
0:18 of 2nd period - Deflect By Ryan Kesler.
0:18 of 2nd period - Stopped by Kari Lehtonen with a rebound.
0:24 of 2nd period - Ryan Kesler is hit by Duncan Keith and loses puck.
0:37 of 2nd period - Snap shot by Robert Nilsson.
0:37 of 2nd period - Deflect By Donald Brashear.
0:37 of 2nd period - Stopped by Brian Elliott with a rebound.
0:39 of 2nd period - Snap shot by Robert Nilsson.
0:39 of 2nd period - Shot Blocked by Steve Staios.
1:01 of 2nd period - Wrist shot by Robert Nilsson.
1:01 of 2nd period - Stopped by Brian Elliott with a rebound.
1:15 of 2nd period - Snap shot by Marek Svatos.
1:15 of 2nd period - Shot Misses the Net.
1:17 of 2nd period - Backhand shot by Robert Nilsson.
1:17 of 2nd period - Stopped by Brian Elliott without a rebound.
1:18 of 2nd period - Viktor Kozlov wins face-off versus Ted Purcell in Penguins zone.
1:23 of 2nd period - Snap shot by Viktor Kozlov.
1:23 of 2nd period - Shot Blocked by Tom Preissing.
1:25 of 2nd period - Wrist shot by Ryan Bayda.
1:25 of 2nd period - Shot Misses the Net.
1:27 of 2nd period - Snap shot by Ryan Bayda.
1:27 of 2nd period - Shot Misses the Net.
1:29 of 2nd period - Slapshot by Tyler Sloan.
1:29 of 2nd period - Stopped by Brian Elliott without a rebound.
1:30 of 2nd period - T.J. Hensick wins face-off versus Ryan Bayda in Penguins zone.
1:30 of 2nd period - T.J. Hensick is hit by Patrick Eaves.
1:44 of 2nd period - Snap shot by T.J. Hensick.
1:44 of 2nd period - Shot Misses the Net.
3:08 of 2nd period - Wrist shot by Tuomo Ruutu.
3:08 of 2nd period - Shot Misses the Net.
3:19 of 2nd period - Off-side.
3:20 of 2nd period - Viktor Kozlov wins face-off versus T.J. Hensick in neutral zone.
3:22 of 2nd period - Éric Desjardins is hit by Steve Staios and loses puck.
3:45 of 2nd period - Taylor Pyatt is hit by Éric Desjardins.
4:07 of 2nd period - Tom Preissing is hit by Tyler Sloan and loses puck.
4:14 of 2nd period - Wrist shot by Michel Ouellet.
4:14 of 2nd period - Stopped by Brian Elliott without a rebound.
4:15 of 2nd period - Tuomo Ruutu wins face-off versus Robert Nilsson in Penguins zone.
4:24 of 2nd period - Marek Svatos is hit by Tuomo Ruutu and loses puck.
4:30 of 2nd period - Double Minor Penalty to Mike Watt for Roughing.
4:31 of 2nd period - Robert Nilsson wins face-off versus T.J. Hensick in Penguins zone.
4:38 of 2nd period - Slapshot by Marek Svatos.
4:38 of 2nd period - Stopped by Brian Elliott without a rebound.
4:39 of 2nd period - Robert Nilsson wins face-off versus T.J. Hensick in Penguins zone.
4:42 of 2nd period - Slapshot by Marek Svatos.
4:42 of 2nd period - Goal by Marek Svatos - Penguins : 0 - Canadiens : 1.
4:43 of 2nd period - T.J. Hensick wins face-off versus Robert Nilsson in neutral zone.
5:10 of 2nd period - Carlo Colaiacovo is hit by Viktor Kozlov and loses puck.
6:42 of 2nd period - Penalty to Mike Watt is over, Mike Watt is back on ice.
7:13 of 2nd period - Snap shot by Darren Reid.
7:13 of 2nd period - Deflect By Tuomo Ruutu.
7:13 of 2nd period - Shot Misses the Net.
7:13 of 2nd period - Puck is out of play.
7:14 of 2nd period - Tuomo Ruutu wins face-off versus Yan Stastny in Canadiens zone.
7:19 of 2nd period - Snap shot by Tuomo Ruutu.
7:19 of 2nd period - Stopped by Kari Lehtonen without a rebound.
7:20 of 2nd period - Viktor Kozlov wins face-off versus Ryan Kesler in Canadiens zone.
7:40 of 2nd period - Minor Penalty to Robert Nilsson for Hooking.
7:41 of 2nd period - Ryan Kesler wins face-off versus Ryan Bayda in Canadiens zone.
7:56 of 2nd period - Snap shot by Steve Staios.
7:56 of 2nd period - Stopped by Kari Lehtonen without a rebound.
7:57 of 2nd period - Donald Brashear wins face-off versus Ryan Kesler in Canadiens zone.
8:08 of 2nd period - Snap shot by Zigmund Palffy.
8:08 of 2nd period - Deflect By Ryan Kesler.
8:08 of 2nd period - Shot Blocked by Ryan Bayda.
8:08 of 2nd period - Puck is out of play.
8:09 of 2nd period - Donald Brashear wins face-off versus Ryan Kesler in Canadiens zone.
8:14 of 2nd period - Wrist shot by Donald Brashear.
8:14 of 2nd period - Stopped by Brian Elliott with a rebound.
8:34 of 2nd period - Darren Reid is hit by Duncan Keith and loses puck.
9:40 of 2nd period - Penalty to Robert Nilsson is over, Robert Nilsson is back on ice.
10:15 of 2nd period - Darren Reid is hit by Ryane Clowe and loses puck.
10:40 of 2nd period - Slapshot by Carlo Colaiacovo.
10:40 of 2nd period - Stopped by Kari Lehtonen without a rebound.
10:41 of 2nd period - Jamie Lundmark wins face-off versus T.J. Hensick in Canadiens zone.
10:41 of 2nd period - Jamie Lundmark is hit by T.J. Hensick.
11:07 of 2nd period - Ryan Kesler is hit by Yan Stastny and loses puck.
11:40 of 2nd period - Wrist shot by Ted Purcell.
11:40 of 2nd period - Stopped by Kari Lehtonen without a rebound.
11:41 of 2nd period - Robert Nilsson wins face-off versus T.J. Hensick in Canadiens zone.
11:53 of 2nd period - T.J. Hensick is hit by Éric Desjardins and loses puck.
12:06 of 2nd period - T.J. Hensick is hit by Richard Zednik and loses puck.
12:21 of 2nd period - Snap shot by T.J. Hensick.
12:21 of 2nd period - Stopped by Kari Lehtonen with a rebound.
12:23 of 2nd period - Snap shot by Ted Purcell.
12:23 of 2nd period - Stopped by Kari Lehtonen with a rebound.
12:25 of 2nd period - Slapshot by Andy Sutton.
12:25 of 2nd period - Stopped by Kari Lehtonen without a rebound.
12:26 of 2nd period - Robert Nilsson wins face-off versus Ryan Kesler in Canadiens zone.
12:26 of 2nd period - Robert Nilsson is hit by Zigmund Palffy.
12:32 of 2nd period - Slapshot by Ryan Kesler.
12:32 of 2nd period - Shot Blocked by Tyler Sloan.
12:34 of 2nd period - Snap shot by Marc-Édouard Vlasic.
12:34 of 2nd period - Shot Blocked by Tyler Sloan.
12:41 of 2nd period - Minor Penalty to Marek Svatos for Slashing.
12:42 of 2nd period - Donald Brashear wins face-off versus Ryan Kesler in Canadiens zone.
12:49 of 2nd period - Wrist shot by Robert Nilsson.
12:49 of 2nd period - Stopped by Brian Elliott with a rebound.
12:55 of 2nd period - Éric Desjardins is hit by Zigmund Palffy.
13:07 of 2nd period - Tomas Holmstrom is hit by Ruslan Fedotenko and loses puck.
13:14 of 2nd period - Wrist shot by Darren Reid.
13:14 of 2nd period - Shot Misses the Net.
13:16 of 2nd period - Wrist shot by Tuomo Ruutu.
13:16 of 2nd period - Shot Misses the Net.
13:26 of 2nd period - Tom Preissing is hit by Donald Brashear and loses puck.
13:37 of 2nd period - Donald Brashear is hit by Ruslan Fedotenko and loses puck.
13:56 of 2nd period - Dan Hamhuis is hit by Tyler Sloan and loses puck.
14:41 of 2nd period - Penalty to Marek Svatos is over, Marek Svatos is back on ice.
14:47 of 2nd period - Slapshot by T.J. Hensick.
14:47 of 2nd period - Stopped by Kari Lehtonen without a rebound.
14:48 of 2nd period - Viktor Kozlov wins face-off versus T.J. Hensick in Canadiens zone.
15:02 of 2nd period - Off-side.
15:03 of 2nd period - Robert Nilsson wins face-off versus Taylor Pyatt in neutral zone.
15:06 of 2nd period - Slapshot by Robert Nilsson.
15:06 of 2nd period - Stopped by Brian Elliott without a rebound.
15:07 of 2nd period - Ryan Kesler wins face-off versus Robert Nilsson in Penguins zone.
15:41 of 2nd period - Minor Penalty to Mike Watt for Holding.
15:42 of 2nd period - T.J. Hensick wins face-off versus Robert Nilsson in Penguins zone.
15:53 of 2nd period - Snap shot by Robert Nilsson.
15:53 of 2nd period - Shot Misses the Net.
17:12 of 2nd period - Zigmund Palffy is hit by Richard Zednik and loses puck.
17:41 of 2nd period - Penalty to Mike Watt is over, Mike Watt is back on ice.
17:59 of 2nd period - Wrist shot by Jamie Lundmark.
17:59 of 2nd period - Stopped by Brian Elliott with a rebound.
18:38 of 2nd period - Snap shot by Ruslan Fedotenko.
18:38 of 2nd period - Shot Misses the Net.
19:02 of 2nd period - Éric Desjardins is hit by Mike Watt and loses puck.
19:14 of 2nd period - Minor Penalty to Éric Desjardins for Hooking.
19:15 of 2nd period - Donald Brashear wins face-off versus Ryan Kesler in Canadiens zone.
19:27 of 2nd period - Off-side.
19:28 of 2nd period - Zigmund Palffy wins face-off versus Donald Brashear in neutral zone.

3rd period


0:01 of 3rd period - Ryan Kesler wins face-off versus Donald Brashear in neutral zone.
0:04 of 3rd period - Wrist shot by Marc-Édouard Vlasic.
0:04 of 3rd period - Goal by Marc-Édouard Vlasic - Penguins : 1 - Canadiens : 1.
0:05 of 3rd period - Robert Nilsson wins face-off versus Ryan Kesler in neutral zone.
0:14 of 3rd period - Wrist shot by Ryan Kesler.
0:14 of 3rd period - Shot Misses the Net.
0:16 of 3rd period - Slapshot by Steve Staios.
0:16 of 3rd period - Deflect By Ryan Kesler.
0:16 of 3rd period - Stopped by Kari Lehtonen with a rebound.
0:18 of 3rd period - Slapshot by Steve Staios.
0:18 of 3rd period - Stopped by Kari Lehtonen without a rebound.
0:19 of 3rd period - Ryane Clowe wins face-off versus Tuomo Ruutu in Canadiens zone.
0:30 of 3rd period - Steve Staios is hit by Robert Nilsson.
0:34 of 3rd period - Snap shot by Marek Svatos.
0:34 of 3rd period - Stopped by Brian Elliott with a rebound.
1:25 of 3rd period - Éric Desjardins is hit by Darren Reid and loses puck.
2:10 of 3rd period - Slapshot by Richard Zednik.
2:10 of 3rd period - Shot Misses the Net.
2:12 of 3rd period - Slapshot by Tyler Sloan.
2:12 of 3rd period - Shot Misses the Net.
2:14 of 3rd period - Slapshot by Richard Zednik.
2:14 of 3rd period - Stopped by Brian Elliott without a rebound.
2:15 of 3rd period - Ryan Kesler wins face-off versus Marek Svatos in Penguins zone.
2:28 of 3rd period - Ryan Kesler is hit by Marek Svatos and loses puck.
2:41 of 3rd period - Tyler Sloan is hit by Steve Staios.
3:41 of 3rd period - Ben Eager is hit by Viktor Kozlov and loses puck.
3:56 of 3rd period - Backhand shot by Carlo Colaiacovo.
3:56 of 3rd period - Stopped by Kari Lehtonen without a rebound.
3:57 of 3rd period - Robert Nilsson wins face-off versus Tuomo Ruutu in Canadiens zone.
4:44 of 3rd period - Snap shot by Donald Brashear.
4:44 of 3rd period - Shot Misses the Net.
5:04 of 3rd period - Snap shot by Ruslan Fedotenko.
5:04 of 3rd period - Shot Misses the Net.
5:06 of 3rd period - Slapshot by Steve Staios.
5:06 of 3rd period - Shot Blocked by Yan Stastny.
5:08 of 3rd period - Wrist shot by Darcy Tucker.
5:08 of 3rd period - Shot Misses the Net.
5:10 of 3rd period - Wrist shot by Steve Staios.
5:10 of 3rd period - Deflect By Darcy Tucker.
5:10 of 3rd period - Shot Misses the Net.
5:10 of 3rd period - Puck is out of play.
5:11 of 3rd period - Ryan Kesler wins face-off versus Ryane Clowe in Canadiens zone.
6:00 of 3rd period - Slapshot by Marc-Édouard Vlasic.
6:00 of 3rd period - Shot Blocked by Jamie Lundmark.
6:20 of 3rd period - Slapshot by Marc-Édouard Vlasic.
6:20 of 3rd period - Stopped by Kari Lehtonen without a rebound.
6:21 of 3rd period - Ryan Kesler wins face-off versus Yan Stastny in Canadiens zone.
6:46 of 3rd period - Marek Svatos is hit by Darren Reid and loses puck.
6:51 of 3rd period - Wrist shot by Mike Watt.
6:51 of 3rd period - Goal by Mike Watt - Penguins : 2 - Canadiens : 1.
6:52 of 3rd period - Ryan Kesler wins face-off versus Robert Nilsson in neutral zone.
7:21 of 3rd period - Snap shot by Tuomo Ruutu.
7:21 of 3rd period - Deflect By Mike Watt.
7:21 of 3rd period - Shot Misses the Net.
7:21 of 3rd period - Puck is out of play.
7:22 of 3rd period - Viktor Kozlov wins face-off versus Tuomo Ruutu in Canadiens zone.
7:42 of 3rd period - Ryan Bayda is hit by Darren Reid and loses puck.
7:53 of 3rd period - Patrick Eaves is hit by Ben Eager and loses puck.
9:08 of 3rd period - Wrist shot by T.J. Hensick.
9:08 of 3rd period - Shot Misses the Net.
9:21 of 3rd period - Off-side.
9:22 of 3rd period - Ryan Kesler wins face-off versus Robert Nilsson in neutral zone.
9:24 of 3rd period - Off-side.
9:25 of 3rd period - Robert Nilsson wins face-off versus Ryan Kesler in neutral zone.
9:28 of 3rd period - Slapshot by Ryane Clowe.
9:28 of 3rd period - Shot Misses the Net.
9:38 of 3rd period - Wrist shot by Zigmund Palffy.
9:38 of 3rd period - Stopped by Kari Lehtonen without a rebound.
9:39 of 3rd period - Tuomo Ruutu wins face-off versus Robert Nilsson in Canadiens zone.
9:40 of 3rd period - Wrist shot by Darren Reid.
9:40 of 3rd period - Goal by Darren Reid - Penguins : 3 - Canadiens : 1.
9:41 of 3rd period - Ryan Kesler wins face-off versus Robert Nilsson in neutral zone.
9:46 of 3rd period - Snap shot by Ryan Kesler.
9:46 of 3rd period - Shot Blocked by Marek Svatos.
9:50 of 3rd period - Wrist shot by Ryan Kesler.
9:50 of 3rd period - Stopped by Kari Lehtonen without a rebound.
9:51 of 3rd period - Robert Nilsson wins face-off versus Ryan Kesler in Canadiens zone.
10:06 of 3rd period - Snap shot by Duncan Keith.
10:06 of 3rd period - Shot Misses the Net.
10:32 of 3rd period - Snap shot by Zigmund Palffy.
10:32 of 3rd period - Stopped by Kari Lehtonen without a rebound.
10:33 of 3rd period - Viktor Kozlov wins face-off versus Tuomo Ruutu in Canadiens zone.
10:38 of 3rd period - Slapshot by Patrick Eaves.
10:38 of 3rd period - Shot Misses the Net.
10:58 of 3rd period - Eric Cairns is hit by Tom Preissing and loses puck.
11:23 of 3rd period - Ruslan Fedotenko is hit by Michel Ouellet and loses puck.
11:27 of 3rd period - Minor Penalty to Michel Ouellet for Holding.
11:28 of 3rd period - Donald Brashear wins face-off versus Ryan Kesler in Canadiens zone.
11:28 of 3rd period - Donald Brashear is hit by Ryan Kesler.
12:07 of 3rd period - Slapshot by Darren Reid.
12:07 of 3rd period - Goal by Darren Reid - Penguins : 4 - Canadiens : 1.
12:08 of 3rd period - Robert Nilsson wins face-off versus Ryan Kesler in neutral zone.
12:19 of 3rd period - Slapshot by Ryane Clowe.
12:19 of 3rd period - Shot Misses the Net.
12:21 of 3rd period - Slapshot by Duncan Keith.
12:21 of 3rd period - Stopped by Brian Elliott without a rebound.
12:22 of 3rd period - Tuomo Ruutu wins face-off versus Robert Nilsson in Penguins zone.
12:27 of 3rd period - Éric Desjardins is hit by Darren Reid and loses puck.
12:57 of 3rd period - Slapshot by Eric Cairns.
12:57 of 3rd period - Shot Blocked by Marc-Édouard Vlasic.
13:11 of 3rd period - Marc-Édouard Vlasic is hit by Richard Zednik and loses puck.
13:18 of 3rd period - Snap shot by Jamie Lundmark.
13:18 of 3rd period - Shot Misses the Net.
13:36 of 3rd period - Steve Staios is hit by Yan Stastny and loses puck.
13:47 of 3rd period - Éric Desjardins is hit by Darren Reid and loses puck.
13:52 of 3rd period - Snap shot by Mike Watt.
13:52 of 3rd period - Shot Misses the Net.
13:53 of 3rd period - Minor Penalty to Robert Nilsson for Diving.
13:54 of 3rd period - Donald Brashear wins face-off versus Ryan Kesler in Canadiens zone.
14:30 of 3rd period - Éric Desjardins is hit by Tom Preissing and loses puck.
14:49 of 3rd period - Wrist shot by Viktor Kozlov.
14:49 of 3rd period - Stopped by Brian Elliott without a rebound.
14:50 of 3rd period - Donald Brashear wins face-off versus Ryan Kesler in Penguins zone.
15:45 of 3rd period - Tuomo Ruutu is hit by Ryane Clowe.
15:53 of 3rd period - Penalty to Robert Nilsson is over, Robert Nilsson is back on ice.
16:03 of 3rd period - Slapshot by Shane O'Brien.
16:03 of 3rd period - Stopped by Brian Elliott with a rebound.
16:05 of 3rd period - Snap shot by Michel Ouellet.
16:05 of 3rd period - Shot Blocked by Tom Preissing.
16:19 of 3rd period - Carlo Colaiacovo is hit by Ryane Clowe.
16:27 of 3rd period - Icing by Andy Sutton.
16:28 of 3rd period - Riley Armstrong wins face-off versus Patrick Eaves in Penguins zone.
16:28 of 3rd period - Riley Armstrong is hit by Ryan Bayda.
16:53 of 3rd period - Snap shot by Tomas Holmstrom.
16:53 of 3rd period - Stopped by Brian Elliott without a rebound.
16:54 of 3rd period - Ryan Kesler wins face-off versus Yan Stastny in Penguins zone.
16:59 of 3rd period - Wrist shot by Ryan Kesler.
16:59 of 3rd period - Shot Misses the Net.
17:10 of 3rd period - Tyler Sloan is hit by Taylor Pyatt and loses puck.
17:17 of 3rd period - Taylor Pyatt is hit by Yan Stastny and loses puck.
17:25 of 3rd period - Minor Penalty to Shane O'Brien for Holding.
17:26 of 3rd period - Donald Brashear wins face-off versus Tuomo Ruutu in Canadiens zone.
17:34 of 3rd period - Off-side.
17:35 of 3rd period - Donald Brashear wins face-off versus Ruslan Fedotenko in neutral zone.
17:58 of 3rd period - Slapshot by Steve Staios.
17:58 of 3rd period - Goal by Steve Staios - Penguins : 5 - Canadiens : 1.
17:59 of 3rd period - Ryan Kesler wins face-off versus Robert Nilsson in neutral zone.
18:07 of 3rd period - Slapshot by Marek Svatos.
18:07 of 3rd period - Shot Misses the Net.
18:27 of 3rd period - Icing by Zigmund Palffy.
18:28 of 3rd period - Jamie Lundmark wins face-off versus Ryan Kesler in Penguins zone.
18:53 of 3rd period - Mike Watt is hit by Marek Svatos and loses puck.
19:00 of 3rd period - Snap shot by Robert Nilsson.
19:00 of 3rd period - Shot Blocked by Darren Reid.
19:12 of 3rd period - Ryan Bayda is hit by T.J. Hensick and loses puck.
19:31 of 3rd period - Minor Penalty to Tomas Kloucek for Hooking.
19:32 of 3rd period - Donald Brashear wins face-off versus Ryan Kesler in Canadiens zone.
19:57 of 3rd period - Robert Nilsson is hit by Ruslan Fedotenko and loses puck.


Output by the SimonT Hockey Simulator (STHS) for François Prévost -- Original Page W3C XHTML 1.0 Valid
Hockey Simulator - Hockey Simulation - Hockey Manager